cohdb
Replays
Latest Replays
All Replays
Popular Replays
Top Player Replays
Match Explorer
How It Works
Community
CoH3 Stats
Reddit
Sign in to upload your games and track your stats! →
Sign in with Steam
Match 41506648
Unlisted
Match 41506648
Overview
Messages
Build Orders
End
Royal Engineer Section
Construct Section Command Post
Selects Canadian Shock Battlegroup
Infantry Section
Infantry Section
Selects Attacking Spirit
Selects Canadian Shock Section
Canadian Shock Section
Construct Platoon Command Post
Humber Armored Car
Grenade Package
Selects Incendiary Munitions
Vickers Machine Gun Team
Selects Pyrotechnics
Construct Field Infirmary
Construct Company Command Post
Selects Point Assault
Royal Engineer Section
Crusader II Medium Tank
BIOHAZARD
Ariete
0
0
Comments
sign in to comment!
No comments posted yet!